 Dungeon Crawl Stone Soup version 0.21.1-1-g345015f (webtiles) character file.

207 diana the Covered (level 5, 0/32 HPs)
             Began as a Tengu Fighter on June 17, 2018.
             Slain by an orc wizard
             ... wielding a +0 dagger
              (1 damage)
             ... on level 2 of the Dungeon.
             The game lasted 00:05:05 (1507 turns).

diana the Covered (Tengu Fighter)                   Turns: 1507, Time: 00:05:06

Health: 0/32       AC:  3    Str: 18    XL:     5   Next: 85%
Magic:  6/6        EV:  9    Int:  8    God:
Gold:   27         SH: 14    Dex: 13    Spells: 4/4 levels left

rFire    . . .     SeeInvis .   a - +0 long sword
rCold    . . .     Gourm    .   c - +0 shield
rNeg     . . .     Faith    .   k - +0 leather armour {MR+}
rPois    .         Spirit   .   (helmet restricted)
rElec    .         Reflect  +   (no cloak)
rCorr    .         Harm     .   (no gloves)
MR       +....                  (boots unavailable)
Stlth    +.........             r - +5 amulet of reflection
HPRegen  0.10/turn              (no ring)
MPRegen  0.10/turn              (no ring)

@: no status effects
A: beak, talons 3, able to fly 1
a: Fly


You were on level 2 of the Dungeon.
You were very hungry.

You visited 1 branch of the dungeon, and saw 3 of its levels.

You collected 27 gold pieces.

Inventory:

Hand Weapons
 a - a +0 long sword (weapon)
Armour
 b - a +0 scale mail
 c - a +0 shield (worn)
 k - a +0 leather armour of magic resistance (worn)
Jewellery
 r - a +5 amulet of reflection (around neck)
 u - an uncursed amulet of rage
 x - an uncursed amulet of harm {unknown}
Scrolls
 g - a scroll of noise {unknown}
 j - a scroll of remove curse
 m - a scroll of blinking {unknown}
 p - a scroll of amnesia {unknown}
 s - 2 scrolls of immolation
 t - a scroll of teleportation {unknown}
Potions
 n - a potion of magic {unknown}
 o - a potion of berserk rage {unknown}
Comestibles
 f - 3 rations


   Skills:
 + Level 3.5 Fighting
 + Level 4.2 Long Blades
 + Level 4.3 Armour
 + Level 1.2 Dodging
 + Level 0.1 Stealth
 + Level 4.0 Shields


You had 4 spell levels left.
You didn't know any spells.

Dungeon Overview and Level Annotations

Branches:
Dungeon (3/15)

Altars:


Innate Abilities, Weirdness & Mutations

You have a beak for a mouth.
You have claws for feet.
You can fly.


Message History

It was a potion of lignification.
You turn into a tree.
Your +0 leather armour of magic resistance melds into your body.
You feel less resistant to hostile enchantments.
Your roots penetrate the ground.
You hear some strange, mumbled words.
A puff of frost appears from out of thin air!
The puff of frost hits you!
* * * LOW HITPOINT WARNING * * *
It was a potion of brilliance.
You feel clever all of a sudden. Something hits you but does no damage.
It was a potion of cancellation.
Your magical effects are unravelling.
You feel magically purged.
You feel less wooden.
Your +0 leather armour of magic resistance unmelds from your body.
You feel resistant to hostile enchantments.
You feel a little less clever now. Something hits you.
You die...

#.#........##..#...###..#.##
#.####.....##....### ##.....
#..###...(..#.#[..)# ##..#.>
##..##....(.....##.###..####
##........#...###.##..#####
###...##.#.(####.##.## #..
###..(..>>........####..
#.##.{#.(...##.......#
#.#.(@#.....#..(......
#.#...................
###.#.#.>...............
###.............####......
#.......#.#.[...# ##......
######.##...##.....###
#.......
#......##...#####..###
#.#.[.). #####.........#
#....# #.#..... #.........#
#.##.###.......


There were no monsters in sight!

Vanquished Creatures
  An ogre (D:2)
  An orc priest (D:3)
  An ooze (D:2)
  4 worms (D:2)
  2 dart slugs
  2 leopard geckos (D:1)
  3 orcs (D:3)
  A ball python (D:1)
  7 goblins
  5 hobgoblins
  9 jackals
  9 kobolds
  2 quokkas (D:2)
  7 bats
  2 frilled lizards (D:1)
  5 rats
61 creatures vanquished.

Notes
Turn   | Place    | Note
-------+----------+-------------------------------------------
     0 | D:1      | diana the Tengu Fighter began the quest for the Orb.
     0 | D:1      | Reached XP level 1. HP: 14/14 MP: 2/2
    31 | D:1      | Reached XP level 2. HP: 16/19 MP: 3/3
   316 | D:1      | Reached XP level 3. HP: 21/23 MP: 4/4
   592 | D:1      | You fall through a shaft!
   783 | D:2      | Reached XP level 4. HP: 23/28 MP: 5/5
  1051 | D:2      | Noticed an ogre
  1058 | D:2      | Killed an ogre
  1058 | D:2      | Reached skill level 1 in Dodging
  1058 | D:2      | Gained mutation: You can fly. [Tengu growth]
  1058 | D:2      | Reached XP level 5. HP: 21/32 MP: 6/6
  1505 | D:2      | HP: 1/48 [something/puff of frost (3)]
  1507 | D:2      | Slain by an orc wizard

Skill      XL: |  1  2  3  4  5 |
---------------+----------------+-----
Long Blades    | 3 4 |  4.2
Armour         | 4 |  4.3
Dodging        | 1 |  1.2
Shields        | 4 |  4.0
Fighting       | |  3.5
Stealth        | |  0.1

Action                   |  1- 3 |  4- 6 || total
-------------------------+-------+-------++-------
Melee: Long sword        |    92 |    67 ||   159
       Peck              |    11 |     7 ||    18
       Kick              |    17 |    22 ||    39
  Use: Potion            |       |     7 ||     7
       Scroll            |       |     4 ||     4
  Eat: Chunk             |       |     1 ||     1
Armor: Scale mail        |    48 |    14 ||    62
       Leather armour    |       |    12 ||    12
       Skin              |       |     1 ||     1
Dodge: Dodged            |    36 |    18 ||    54
Block: Shield            |    42 |    46 ||    88
       Reflection        |       |     1 ||     1
       Rpst.: Long sword |    15 |     6 ||    21
